 Dungeon Crawl Stone Soup version 0.31-a0-233-g139696dc86 (webtiles) character file.

Game seed: 16191346530308498472

33 Demosthentine the Poker (level 3, 28/28 HPs)
             Began as a Demonspawn Gladiator on July 8, 2023.
             Got out of the dungeon alive.
             The game lasted 00:00:36 (359 turns).

Demosthentine the Poker (Demonspawn Gladiator)       Turns: 359, Time: 00:00:37

Health: 28/28      AC:  4    Str: 16    XL:     3   Next: 12%
Magic:  3/3        EV: 12    Int: 11    God:
Gold:   13         SH:  0    Dex: 14    Spells: 2/2 levels left

rFire   + . .        a - +0 trident
rCold   + . .        (no shield)
rNeg    . . .        b - +0 leather armour
rPois   .            c - +0 helmet
rElec   .            i - scarf {rC+ rF+}
rCorr   .            (no gloves)
SInv    .            (no boots)
Will    .....        (no amulet)
Stlth   +            (no ring)
HPRegen 0.24/turn    (no ring)
MPRegen 0.08/turn

%: no passive effects
@: no status effects
A: claws 1, big brain 1
a: no special abilities


You escaped.
You visited 1 branch of the dungeon, and saw 1 of its levels.

You collected 13 gold pieces.

Inventory:

Hand Weapons
 a - a +0 trident (weapon)
Missiles
 d - 3 throwing nets (quivered)
 e - a javelin
Armour
 b - a +0 leather armour (worn)
 c - a +0 helmet (worn)
 i - a scarf of resistance (worn)
Scrolls
 g - a scroll of identify {unknown}
 h - a scroll of noise {unknown}
Potions
 f - a potion of haste {unknown}
 j - a potion of attraction {unknown}


   Skills:
 + Level 2.5 Fighting
 + Level 3.0 Polearms
 - Level 1.7 Throwing
 + Level 1.1 Armour
 + Level 3.0 Dodging


You had 2 spell levels left.
You didn't know any spells.
Your spell library contained the following spells:

 Spells                   Type           Power      Damage    Failure   Level
 Apportation              Tloc           0%         N/A       41%         1
 Necrotise                Necr           0%         1d4       41%         1
 Summon Small Mammal      Summ           0%         N/A       41%         1


Dungeon Overview and Level Annotations

Branches:
Dungeon (1/15)

Altars:

Shops:
D:1 *


Innate Abilities, Weirdness & Mutations

You have sharp fingernails.
You have an unusually large brain. (Int +2)


Message History

A dart slug is nearby!
A dart slug is nearby!
A ball python comes into view.
The ball python hisses angrily.
The kobold misses you.
You hit the kobold.
You kill the kobold!
You barely miss the ball python.
The ball python bites you but does no damage.
The ball python grabs you. The ball python constricts you.
You hit the ball python.
The ball python is severely wounded.
The ball python bites you but does no damage.
The ball python constricts you. The ball python bites you.
The ball python constricts you.
You barely miss the ball python. Your claw misses the ball python.
The ball python is severely wounded.
The ball python bites you but does no damage.
The ball python constricts you.
You closely miss the ball python.
The ball python is severely wounded.
The ball python bites you but does no damage.
The ball python constricts you. The dart slug closely misses you.
The ball python closely misses you. The ball python constricts you.
You hit the ball python.
You kill the ball python!
The dart slug bites you but does no damage.
You hit the dart slug.
The dart slug is heavily wounded.
The dart slug barely misses you.
You puncture the dart slug!
You kill the dart slug!
No target in view!
No target in view!
j - a bubbling orange potion You see here a ball python corpse.
There is a staircase leading out of the dungeon here.
Okay, then.
Are you sure you want to leave the Dungeon?
This will make you lose the game!
You have escaped!

P.P..###.#.####### ##
#~#P.###.#........
..##~##..##.#......#.
#.~~~~~.....#......#
#.##~##..##........#
##.P#~#P.#####...####
#...P.P..# ###.#
###........# #..#
#......@...# ####.####
#.##.......# ##........
#..P.P..# ...........
#.P#~#P.#............
#.##~##.#............
#.~~~~~.#............
#.##~##.#............
.##.P#~#P.#............
.....P.P..#............


There were no monsters in sight!

Vanquished Creatures
  A gnoll (D:1)
  A dart slug (D:1)
  5 ball pythons (D:1)
  4 goblins (D:1)
  2 hobgoblins (D:1)
  2 jackals (D:1)
  3 kobolds (D:1)
  A rat (D:1)
19 creatures vanquished.

Notes
Turn   | Place    | Note
-------+----------+-------------------------------------------
     0 | D:1      | Demosthentine the Demonspawn Gladiator began the quest for
                  | the Orb.
     0 | D:1      | Reached XP level 1. HP: 16/16 MP: 1/1
    84 | D:1      | Gained mutation: You have an unusually large brain. (Int
                  | +2) [demonic ancestry]
    84 | D:1      | Reached XP level 2. HP: 9/22 MP: 2/2
   191 | D:1      | Found a faded altar of an unknown god.
   217 | D:1      | Found Hick's Assorted Antiques.
   255 | D:1      | Reached skill level 1 in Armour
   318 | D:1      | Gained mutation: You have sharp fingernails. [demonic
                  | ancestry]
   318 | D:1      | Reached XP level 3. HP: 28/28 MP: 3/3
   359 | D:$      | Got out of the dungeon alive.

Illustrated notes

Levels and vault maps discovered:
D:1:      eino_arrival_water_cross, layout_basic, serial_shops, shop, shop,
          ebering_ecumenical_altar_hall, nicolae_figureground_pulse

Skill      XL: |  1  2 |
---------------+-------+-----
Polearms       | 3 |  3.0
Armour         | 1 |  1.1
Dodging        | 3 |  3.0
Fighting       | |  2.5
Throwing       | |  1.7

Action                     || total
---------------------------++-------
  Melee: Trident           ||    46
         Punch             ||     1
 Armour: Leather armour    ||     7
  Dodge: Dodged            ||    13

Table legend: (Time is in decaauts)
 A = Elapsed time spent in this place.
 B = Non-inter-level travel time spent in this place.
 C = Inter-level travel time spent in this place.
 D = Time resting spent in this place.
 E = Time spent auto-exploring this place.
 F = Levels seen in this place.
 G = Mean time per level.
                   A        B        C        D        E       F      G
               +--------+--------+--------+--------+--------+-----+--------+
         Total |    366 |    366 |      0 |      0 |    234 |   1 |  366.0 |
       Dungeon |    366 |    366 |      0 |      0 |    234 |   1 |  366.0 |
               +--------+--------+--------+--------+--------+-----+--------+

Top non-repeatable levels by time:
     D:1: 366 daAuts
